 Dungeon Crawl Stone Soup version 0.14.2 (webtiles) character file.

38 Amnesiac the Charlatan (level 2, 0/14 HPs)
             Began as a Spriggan Artificer on Feb 4, 2018.
             Succumbed to an adder's poison
             ... on Level 1 of the Dungeon.
             The game lasted 00:00:46 (738 turns).

Amnesiac the Charlatan (Spriggan Artificer)          Turns: 738, Time: 00:00:46

HP   0/14        AC  2     Str  7      XL: 2   Next: 17%
MP   5/5         EV 17     Int 13      God:
Gold 27          SH  0     Dex 12 (16) Spells:  0 memorised,  1 level left

rFire  . . .     SeeInvis +     a - +0 short sword
rCold  . . .     Clarity  .     e - +0 robe
rNeg   . . .     Conserve .     (shield restricted)
rPois  .         rCorr    .     (helmet restricted)
rElec  .         rRot     .     (no cloak)
SustAb . .       Spirit   .     (gloves unavailable)
rMut   .         Warding  .     (boots unavailable)
Saprov . . .     Stasis   .     (no amulet)
MR     .....                    (no ring)
                                (no ring)

@: lethally poisoned, very quick, not resistant to hostile enchantments, fairly
stealthy
A: unfitting armour, see invisible, herbivore 3, speed 3, slow metabolism 2
a: no special abilities


You were on level 1 of the Dungeon.
You were not hungry.

You visited 1 branch of the dungeon, and saw 2 of its levels.

You collected 27 gold pieces.

Inventory:

Hand weapons
 a - a +0,+0 short sword (weapon)
Missiles
 l - 5 needles of sleeping
Armour
 e - a +0 robe (worn)
Magical devices
 b - a wand of flame (15)
 c - a wand of enslavement (15)
 d - a wand of random effects (15)
Comestibles
 i - a choko
Scrolls
 g - a scroll of fog {!r, unknown}
 h - a scroll of enchant weapon I {!r, unknown}
 j - 3 scrolls of enchant weapon II {!r, unknown}
Potions
 f - a potion of porridge {!q}


   Skills:
 - Level 1.0 Fighting
 - Level 1.1 Short Blades
 + Level 3.4 Dodging
 - Level 1.5 Stealth
 * Level 4.5 Evocations


You had one spell level left.
You didn't know any spells.

Dungeon Overview and Level Annotations

Branches:
Dungeon (2/15)

Altars:


Innate Abilities, Weirdness & Mutations

You are tiny and cannot use many weapons and most armour.
You have supernaturally acute eyesight.
You are a herbivore.
You cover ground extremely quickly.
You need consume almost no food.


Message History

j - 3 scrolls labeled GEIP ODDEI {!r}
There is a stone staircase leading down here.
You start resting.
HP restored.
You climb downwards.
A goblin comes into view.
Found three items.
There is a stone staircase leading up here.
A bat comes into view.
The goblin barely misses you.
You hit the goblin but do no damage. The goblin completely misses you.
You barely miss the goblin. The goblin closely misses you.
You hit the goblin.
The goblin is heavily wounded.
The goblin barely misses you.
You closely miss the goblin.
The goblin is heavily wounded.
The goblin misses you.
You barely miss the goblin.
The goblin is heavily wounded.
The goblin closely misses you.
You closely miss the goblin.
The goblin is heavily wounded.
The goblin misses you.
You barely miss the goblin.
The goblin is heavily wounded.
The goblin misses you.
You hit the goblin.
You kill the goblin!
No target in view!
You now have 27 gold pieces (gained 15).
k - a smoky black potion {!q}
l - 5 needles of sleeping An adder comes into view.
The bat barely misses you.
You barely miss the bat. The bat hits you but does no damage.
You hit the bat.
You kill the bat!
The adder bites you.
You are poisoned.
The adder poisons you!
You hit the adder.
The adder is moderately wounded.
You feel sick. The adder closely misses you.
You feel sick.
There is a stone staircase leading up here.
You feel sick. The adder bites you.
* * * LOW HITPOINT WARNING * * *
You climb upwards.
There is a stone staircase leading down here.
Drink which item? (? for menu, Esc to quit)
Really quaff
k - a smoky black potion {!q}?
There was something very wrong with that liquid!
You feel clumsy.
It was a potion of degeneration {!q}.
There is a lethal amount of poison in your body!
* * * LOW HITPOINT WARNING * * *
You feel sick.
Found a spear.
A hobgoblin comes into view. It is wielding a club.
The hobgoblin closely misses you.
* * * LOW HITPOINT WARNING * * *
You feel sick.
You die...

#.#####.####.# #########
.......)...#.###........
#.#####%##.#........)#
#....................#
#..###..##>.####.....# .
.....##..# #.g...#
..####.##..# #####.#
#.##..########.#
#.........@....#
......########## #####.#
#.# .


There were no monsters in sight!

Vanquished Creatures
  A giant gecko (D:1)
  A hobgoblin (D:1)
  4 bats
  3 goblins
  2 rats (D:1)
11 creatures vanquished.

Notes
Turn   | Place    | Note
--------------------------------------------------------------
     0 | D:1      | Amnesiac, the Spriggan Artificer, began the quest for the Orb.
     0 | D:1      | Reached XP level 1. HP: 9/9 MP: 2/2
    91 | D:1      | Reached skill level 1 in Fighting
   626 | D:1      | Reached XP level 2. HP: 11/14 MP: 5/5
   738 | D:1      | Succumbed to an adder's poison

Action                   || total
-------------------------++-------
Melee: Short sword       ||    51
  Use: Potion            ||     1
